 Dungeon Crawl Stone Soup version 0.32-a0-43-g058985b245 (webtiles) character file.

Game seed: 12668357113866253370

541 cforsyth the Ducker (level 7, -4/50 HPs)
             Began as a Djinni Warper on Feb 3, 2024.
             Was an Initiate of the Shining One.
             Slain by a black bear (6 damage)
             ... on level 6 of the Dungeon.
             The game lasted 00:06:12 (4679 turns).

cforsyth the Ducker (Djinni Warper)                 Turns: 4679, Time: 00:06:12

Health: -4/50      AC:  4    Str: 10    XL:     7   Next: 52%
Gold:   266        EV: 17    Int: 17    God:    the Shining One [......] SH:  0 Dex: 12

rFire   + + .        a - +0 falchion
rCold   x . .        (no shield)
rNeg    . . .        b - +0 leather armour
rPois   ∞            (no helmet)
rElec   .            (no cloak)
rCorr   .            n - +0 pair of gloves
SInv    +            (boots unavailable)
Will    .....        (no amulet)
Stlth   +            D - +5 ring of evasion
HPRegen 0.28/turn    m - ring of see invisible
MPRegen 0.00/turn

%: infuse magic (-5 HP)
@: flying, glowing
A: sickness immunity, fire resistance 2, cold vulnerability 1, float, innate
caster, HP casting, extra vitality 1
a: Renounce Religion


You were on level 6 of the Dungeon.
You worshipped the Shining One.
The Shining One was noncommittal.
You visited 2 branches of the dungeon, and saw 7 of its levels.

You collected 266 gold pieces.

Inventory:

Hand Weapons
 a - a +0 falchion (weapon)
Missiles
 d - 7 darts of dispersal
 k - 9 poisoned darts
Armour
 b - a +0 leather armour (worn)
 n - a +0 pair of gloves (worn)
Jewellery
 f - a ring of resist corrosion
 m - a ring of see invisible (right hand)
 r - a ring of protection from fire
 x - a ring of positive energy
 D - a +5 ring of evasion (left hand)
 F - a +5 ring of evasion
Wands
 G - a wand of charming (11)
Scrolls
 c - a scroll of blinking
 e - 4 scrolls of identify {unknown}
 g - a scroll of immolation {unknown}
 h - 3 scrolls of enchant armour {unknown}
 l - 2 scrolls of silence {unknown}
 o - a scroll of fog {unknown}
 p - 3 scrolls of teleportation {unknown}
 q - 2 scrolls of amnesia {unknown}
 t - 2 scrolls of poison {unknown}
 u - a scroll of summoning {unknown}
 y - 2 scrolls of vulnerability {unknown}
 C - a scroll of revelation {unknown}
Potions
 i - a potion of ambrosia {unknown}
 j - 2 potions of brilliance
 s - a potion of enlightenment {unknown}
 v - a potion of attraction {unknown}
 w - a potion of might
 z - a potion of degeneration {unknown}
 A - a potion of curing {unknown}
 B - a potion of heal wounds
 E - a potion of haste {unknown}


   Skills:
 + Level 3.6 Fighting
 + Level 3.2 Long Blades
 + Level 2.5 Throwing
 + Level 3.1 Armour
 + Level 4.0 Dodging
 + Level 3.5 Spellcasting
 + Level 3.5 Conjurations
 + Level 3.5 Hexes
 + Level 3.5 Summonings
 + Level 3.5 Necromancy
 + Level 3.5 Translocations
 + Level 3.5 Fire Magic
 + Level 3.5 Ice Magic
 + Level 3.5 Air Magic
 + Level 3.5 Earth Magic
 + Level 3.5 Alchemy


You knew the following spells:

 Your Spells              Type           Power      Damage    Failure   Level
a - Blink                 Tloc           28%        N/A       8%          2
b - Lesser Beckoning      Tloc           28%        N/A       8%          2
c - Teleport Other        Tloc           14%        N/A       16%         3
d - Manifold Assault      Tloc           14%        N/A       45%         4
e - Vhi's Electric Charg  Tloc/Air       28%        N/A       45%         4
f - Sandblast             Erth           28%        2d8       5%          1
g - Jinxbite              Hex            28%        N/A       8%          2
h - Ozocubu's Armour      Ice            14%        N/A       16%         3
Your spell library was empty.

Dungeon Overview and Level Annotations

Branches:
Dungeon (6/15)             Temple (1/1) D:6

Altars:
Ashenzari
Cheibriados
Dithmenos
Elyvilon
Fedhas
Hepliaklqana
Makhleb
Nemelex Xobeh
Okawaru
Qazlal
Ru
Trog
Uskayaw
Wu Jian
Xom
Yredelemnul
Zin
The Shining One

Annotations:
D:6 Prince Ribbit


Innate Abilities, Weirdness & Mutations

You are immune to sickness and miasma.
You are immune to poison.
Your flesh is very heat resistant. (rF++)
You are vulnerable to cold. (rC-)
You float through the air rather than walking.
You learn spells naturally, not from books.
Your magical power is your life essence.
You have superior vitality. (+4 MHP)


Message History

Aiming: Sandblast (safe; 5% risk of failure)
Press: ? - help, Shift-Dir - straight line, f/p - orc
Aim: an orc, wielding a +0 short sword and wearing a +0 leather armour (almost dead, 82% to hit)
The blast of sand hits the orc warrior!
The orc warrior is moderately wounded.
The orc warrior hits you with a +0 mace.
Casting: Sandblast (safe; 5% risk of failure)
Confirm with . or Enter, or press ? or * to list all spells.
Aiming: Sandblast (safe; 5% risk of failure)
Press: ? - help, Shift-Dir - straight line, f/p - orc
Aim: an orc, wielding a +0 short sword and wearing a +0 leather armour (almost dead, 82% to hit)
The blast of sand hits the orc warrior but does no damage.
The orc warrior is moderately wounded.
The orc warrior hits you with a +0 mace!
The orc warrior hits you with a +0 mace.
Casting: Sandblast (safe; 5% risk of failure)
Confirm with . or Enter, or press ? or * to list all spells.
You blink.
Your icy armour cracks and falls away as you move.
* * * LOW HITPOINT WARNING * * *
You feel ready to blink again.
The black bear growls angrily.
There is an open door here.
You closely miss the black bear. The black bear barely misses you. x2
The black bear claws you but does no damage.
You hit the black bear but do no damage.
The black bear misses you. x2
The black bear claws you but does no damage.
You hit the black bear.
The black bear is lightly wounded.
The black bear bites you but does no damage.
The black bear barely misses you. The black bear closely misses you.
You slash the black bear!
The black bear is heavily wounded.
The black bear closely misses you. The black bear claws you. x2
The orc warrior attacks as it pursues you!
The orc warrior hits you with a +0 mace!
* * * LOW HITPOINT WARNING * * *
The black bear bites you.
You die...

#oo# #.# ##.## ##.# #..#
########## #..# #o.#
#........####..# #..#
###'####......#..## #o.#
#.....#........#..##
#.##
####.⌠.⌠.#........##..##
##o##
#..'..>..+......######..
#.o## #.##.⌠h@.#....###
##.
##..###.##..oo.###### ##
##..##.####'### #
##..#oo..o.# #
#...)###### # #..#..# #
#..###.# # #..# #..#
#... .#.#


You could see an orc warrior, a black bear and 2 orcs.

Vanquished Creatures
  A centaur (D:6)
  A phantom (D:4)
  A scorpion (D:5)
  2 bombardier beetles
  A jelly (D:4)
  2 iguanas (D:5)
  An orc wizard (D:5)
  A gnoll (D:4)
  8 adders
  A white imp (D:5)
  2 dart slugs
  5 orcs
  3 endoplasms
  4 giant cockroaches
  3 goblins
  6 hobgoblins
  4 jackals
  9 kobolds
  5 quokkas
  6 ball pythons
  6 bats
  3 frilled lizards
  6 rats
81 creatures vanquished.

Notes
Turn   | Place    | Note
-------+----------+-------------------------------------------
     0 | D:1      | cforsyth the Djinni Warper began the quest for the Orb.
     0 | D:1      | cforsyth set off with the following spells memorised:
                  | Blink, Lesser Beckoning, Teleport Other, Manifold Assault,
                  | Vhi's Electric Charge.
     0 | D:1      | Reached XP level 1. HP: 18/18 MP: 0/0
   122 | D:1      | Reached XP level 2. HP: 23/23 MP: 0/0
   435 | D:1      | Reached skill level 1 in Throwing
   612 | D:1      | Reached XP level 3. HP: 28/28 MP: 0/0
   612 | D:1      | Learned a level 1 spell: Sandblast
   968 | D:2      | Reached XP level 4. HP: 32/33 MP: 0/0
  1369 | D:3      | Reached XP level 5. HP: 38/39 MP: 0/0
  1369 | D:3      | Learned a level 2 spell: Jinxbite
  2317 | D:4      | Found a hide-covered altar of Uskayaw.
  2391 | D:4      | Reached skill level 3 in Dodging
  2459 | D:4      | Noticed a phantom
  2469 | D:4      | Killed a phantom
  2470 | D:4      | Reached XP level 6. HP: 25/45 MP: 0/0
  3305 | D:5      | Entered Level 5 of the Dungeon
  3777 | D:5      | Reached XP level 7. HP: 37/50 MP: 0/0
  3777 | D:5      | Learned a level 3 spell: Ozocubu's Armour
  4239 | D:6      | Noticed Prince Ribbit
  4445 | D:6      | Found a staircase to the Ecumenical Temple.
  4455 | Temple   | Entered the Ecumenical Temple
  4461 | Temple   | Became a worshipper of the Shining One
  4518 | D:6      | Reached skill level 4 in Dodging
  4679 | D:6      | HP: 2/50 [orc warrior/+0 mace (16)]
  4679 | D:6      | Slain by a black bear

Illustrated notes

Levels and vault maps discovered:
D:1:      grunt_arrival_crossed_arrows, layout_basic,
          chequers_serial_rivers_micro_b
D:2:      layout_rooms, minmay_circle_x
D:3:      layout_basic
D:4:      minmay_inner_zag, layout_loops_ring, eat_drink_and_be_merry_uskayaw
D:5:      layout_loops_cross, amethyst_killhole, serial_bayou_pond_c
D:6:      layout_cave_pods, minmay_temple_entry_hall, grunt_ministairs_10,
          uniq_prince_ribbit1
Temple:   nicolae_temple_bog_church

Skill      XL: |  1  2  3  4  5  6  7 |
---------------+----------------------+-----
Spellcasting   | 3 |  3.5
Conjurations   | 3 |  3.5
Hexes          | 3 |  3.5
Summonings     | 3 |  3.5
Necromancy     | 3 |  3.5
Translocations | 3 |  3.5
Fire Magic     | 3 |  3.5
Ice Magic      | 3 |  3.5
Air Magic      | 3 |  3.5
Earth Magic    | 3 |  3.5
Alchemy        | 3 |  3.5
Long Blades    | 2 3 |  3.2
Throwing       | 1 2 |  2.5
Armour         | 2 3 |  3.1
Dodging        | 3 4 |  4.0
Fighting       | 3 |  3.6

Action                     |  1- 3 |  4- 6 |  7- 9 || total
---------------------------+-------+-------+-------++-------
  Melee: Falchion          |    51 |     4 |    28 ||    83
         Punch             |       |       |     2 ||     2
   Cast: Sandblast         |    15 |   107 |     8 ||   130
         Blink             |       |     1 |     1 ||     2
         Ozocubu's Armour  |       |       |     1 ||     1
         Lesser Beckoning  |       |       |     1 ||     1
    Use: Potion            |       |     3 |       ||     3
 Armour: Leather armour    |    48 |    33 |    26 ||   107
  Dodge: Dodged            |    47 |    58 |    36 ||   141

Table legend: (Time is in decaauts)
 A = Elapsed time spent in this place.
 B = Non-inter-level travel time spent in this place.
 C = Inter-level travel time spent in this place.
 D = Time resting spent in this place.
 E = Time spent auto-exploring this place.
 F = Levels seen in this place.
 G = Mean time per level.
                   A        B        C        D        E       F      G
               +--------+--------+--------+--------+--------+-----+--------+
         Total |   4758 |   4550 |    208 |     54 |   3788 |   7 |  679.7 |
       Dungeon |   4745 |   4543 |    202 |     54 |   3788 |   6 |  790.8 |
        Temple |     12 |      6 |      6 |      0 |      0 |   1 |   12.0 |
               +--------+--------+--------+--------+--------+-----+--------+

Top non-repeatable levels by time:
     D:4: 1056 daAuts
     D:3: 1010 daAuts
     D:5: 984 daAuts
     D:1: 844 daAuts
     D:2: 453 daAuts
     D:6: 396 daAuts
  Temple: 12 daAuts
